 Seeded DCSS version 0.30.1-9-gdf580d7c3d (webtiles) character file.

Game seed: 920673320228942481 (custom seed)

16 Psyclone the Conjurer (level 2, 17/17 HPs)
             Began as an Octopode Conjurer on Oct 10, 2023.
             Quit the game on level 3 of the Dungeon.
             The game lasted 00:01:39 (554 turns).

Psyclone the Conjurer (Octopode Conjurer)            Turns: 554, Time: 00:01:39

Health: 17/17      AC:  3    Str:  6    XL:     2   Next: 54%
Magic:  3/5        EV: 13    Int: 18    God:
Gold:   31         SH:  0    Dex:  8    Spells: 4/5 levels left

rFire   . . .        (no weapon)
rCold   . . .        (no shield)
rNeg    . . .        (helmet restricted)
rPois   .            (no amulet)
rElec   .            (no ring)
rCorr   .            (no ring)
SInv    .            (no ring)
Will    .....        (no ring)
Stlth   +++          (no ring)
HPRegen 0.22/turn    (no ring)
MPRegen 0.09/turn    (no ring)
                     (no ring)

%: no passive effects
@: no status effects
A: almost no armour, amphibious, 8 rings, camouflage 1, gelatinous body 1,
(nimble swimmer 1), tentacles, iridescent scales 1, clumsy 1, dopey 1
a: no special abilities


You were on level 3 of the Dungeon.
You visited 1 branch of the dungeon, and saw 3 of its levels.

You collected 72 gold pieces.
You spent 41 gold pieces at shops.

Inventory:

Jewellery
 c - a ring of wizardry
Scrolls
 d - 3 scrolls of acquirement {unknown}
Potions
 a - a potion of magic
 b - 2 potions of mutation
 e - a potion of lignification {unknown}
 f - a potion of degeneration {unknown}


   Skills:
 - Level 2.0 Dodging
 - Level 2.6 Stealth
 - Level 2.0 Spellcasting
 + Level 4.6 Conjurations


You had 4 spell levels left.
You knew the following spells:

 Your Spells              Type           Power      Damage    Failure   Level
a - Magic Dart            Conj           72%        1d6       2%          1

Your spell library contained the following spells:

 Spells                   Type           Power      Damage    Failure   Level
 Searing Ray              Conj           36%        2d5       4%          2
 Foxfire                  Conj/Fire      40%        2x1d6     7%          1
 Dazzling Flash           Conj/Hex       20%        N/A       21%         3
 Fulminant Prism          Conj/Hex       5%         3d7       56%         4
 Iskenderun's Mystic Bla  Conj/Tloc      10%        2d4       56%         4
 Fireball                 Conj/Fire      5%         3d5       88%         5
 Plasma Beam              Fire/Air       0%         2x1d11    100%        6
 Starburst                Conj/Fire      5%         6d4       100%        6


Dungeon Overview and Level Annotations

Branches:
Dungeon (3/15) Zot: 17446

Altars:

Shops:
D:3 *


Innate Abilities, Weirdness & Mutations

You cannot wear most types of armour.
You are amphibious.
You can wear up to eight rings at the same time.
Your skin changes colour to match your surroundings (Stealth+).
Your rubbery body absorbs attacks. (AC +1, EV +1)
((You are camouflaged when in or above water. (Stealth+)))
You have tentacles for arms and can constrict up to eight enemies at once.
You are partially covered in iridescent scales. (AC +2)
You are clumsy. (Dex -2)
You are dopey. (Int -2)


Message History

You now have 4/5 mp.
Found Xyxiz's Assorted Antiques.
A ball python and a rat come into view.
The ball python hisses angrily.
There is an open door here.
MP restored: 5
Casting: Magic Dart (safe; 2% risk of failure)
Confirm with . or Enter, or press ? or * to list all spells.
Aiming: Magic Dart (safe; 2% risk of failure)
Press: ? - help, Shift-Dir - straight line, f - ball python
Aim: a ball python (100% to hit)
The magic dart hits the ball python.
You kill the ball python!
You now have 4/5 mp.
Casting: Magic Dart (safe; 2% risk of failure)
Confirm with . or Enter, or press ? or * to list all spells.
Aiming: Magic Dart (safe; 2% risk of failure)
Press: ? - help, Shift-Dir - straight line, f - rat
Aim: a rat (asleep, 100% to hit)
The magic dart hits the rat!
You kill the rat!
You now have 3/5 mp.
Casting: Magic Dart (safe; 2% risk of failure)
Confirm with . or Enter, or press ? or * to list all spells.
You can't see any susceptible monsters within range! (Use Z to cast anyway.) Unknown command.
Casting: Magic Dart (safe; 2% risk of failure)
Confirm with . or Enter, or press ? or * to list all spells.
You can't see any susceptible monsters within range! (Use Z to cast anyway.) Unknown command.
There is an entrance to Xyxiz's Assorted Antiques here.
b - 3 fizzy ruby potions (gained 2) Thank you for shopping at Xyxiz's Assorted Antiques!
It was a potion of mutation.
You feel extremely strange.
You feel clumsy.
Iridescent scales grow over part of your body.
You feel stupid.
Unknown command.
Unknown command.
Are you sure you want to abandon this character and quit the game? (Confirm with "yes".)

....?..# .......#
.......# .......#
.......# ..###### #.#
################# #.#
#......#........#
#.###......'....@...#
#...#......#........#
###.####...#........#
........##.#.†.†....#
........##.#........#
........##.#........#
#######....#........#
#.########..... ...


There were no monsters in sight!

Vanquished Creatures
  A worm (D:3)
  2 dart slugs
  An endoplasm (D:3)
  3 ball pythons
  A bat (D:3)
  3 rats
11 creatures vanquished.

Notes
Turn   | Place    | Note
-------+----------+-------------------------------------------
     0 | D:1      | Psyclone the Octopode Conjurer began the quest for the Orb.
     0 | D:1      | Reached XP level 1. HP: 11/11 MP: 3/3
   309 | D:2      | Reached XP level 2. HP: 17/17 MP: 0/5
   543 | D:3      | Found Xyxiz's Assorted Antiques.
   553 | D:3      | Bought 2 fizzy ruby potions for 41 gold pieces
   553 | D:3      | Gained mutation: You are clumsy. (Dex -2) [potion of
                  | mutation]
   553 | D:3      | Gained mutation: You are partially covered in iridescent
                  | scales. (AC +2) [potion of mutation]
   553 | D:3      | Gained mutation: You are dopey. (Int -2) [potion of
                  | mutation]
   554 | D:3      | Quit the game

Illustrated notes

Levels and vault maps discovered:
D:1:      dpeg_arrival_orchard, layout_basic
D:2:      layout_loops_corners, uniq_natasha, uniq_crazy_yiuf_cottage
D:3:      layout_basic, serial_shops, nicolae_shop_stone, shop

Action                     || total
---------------------------++-------
  Melee: Unarmed           ||     4
         Constrict         ||     2
         Tentacles         ||     2
   Cast: Magic Dart        ||    20
    Use: Potion            ||     1
  Dodge: Dodged            ||     2
